 BcadrenCrawl: Boulder Brew version 0.06-688-g08e91b2d95 (webtiles) character file.

Game seed: 2692298872544378212

717 pipel the Holy Warrior (level 7, -8/89 HPs) Minotaur Priest. Began on Jan 3, 2023. Was a Priest of the Shining One. Splashed by a jelly's acid (10 damage) ... on level 2 of the Dungeon. The game lasted 00:15:02 (2583 turns).

pipel the Holy Warrior (Minotaur Priest)            Turns: 2583, Time: 00:15:03

Health: -8/89      AC:  1    Str: 23    XL:     7 ^: 401
Magic:  9/9        EV: 14    Int:  7    God:    the Shining One [3* [80]]
Gold:   56         SH:  0    Dex: 12    Spells: 6/6 levels left

rFire    . . .     Slash    .   a - +0 hand crossbow
rCold    . . .     Pierce   .     - Unarmed
rNeg     + + .     Bludgeon .   o - +0 ring mail
rCorr    . . .     Vision   .   (helmet restricted)
rPois    .         Gourm    .   (no cloak)
rElec    .         Faith    .   (no gloves)
MR       .....     Spirit   .   (no boots)
HPRegen  0.79/turn Reflect  .   n - amulet of regeneration
MPRegen  0.19/turn Harm     .   k - ring of dexterity
Stlth    +.........             h - ring of positive energy

@: corroded, glowing
A: horns, retaliatory headbutt 2, soft flesh
a: Divine Shield, Renounce Religion


You were on level 2 of the Dungeon.
You worshipped the Shining One.
The Shining One was most pleased with you.
You were not hungry.

You visited 1 branch of the dungeon, and saw 2 of its levels.
You also visited: Temple.

You collected 56 gold pieces.

Inventory:

Weapons
 a - a +0 hand crossbow (weapon) Shields
 j - a +0 heater shield
Armour
 o - a +0 ring mail (worn)
 p - a +0 robe
Jewellery
 e - an uncursed ring of protection from magic
 h - a ring of positive energy (right hand)
 k - a ring of dexterity (left hand)
 n - an amulet of regeneration (around neck)
Scrolls
 d - a scroll of vulnerability
 f - a scroll of attention
 g - a scroll of silence
 i - a scroll of bless item
 m - 2 scrolls of teleportation
Potions
 l - a potion of mutation
Comestibles
 b - 5 rations
 q - a chunk of flesh


   Skills:
 + Level 4.2 Fighting
 + Level 2.2 Crossbows
 + Level 4.1 Armour
 + Level 5.1 Dodging
 - Level 1.5 Stealth
 + Level 1.4 Shields
 - Level 3.3 Unarmed Combat
 + Level 5.1 Invocations


You had 6 spell levels left.
You didn't know any spells.
Your spell library was empty.

Dungeon Overview and Level Annotations

Branches:
Dungeon (2/8)

Altars:


Innate Abilities, Weirdness & Mutations

You reflexively attack those that strike you in melee with your horns.
((Your soft flesh is weak to deep cuts.
Heavy manmade armour will nullify this weakness. (rSlashing-)))


Message History

The jelly hits you but does no damage.
Aiming:
a - a +0 hand crossbow, Range: 1 (25%)
Press: ? - help, Shift-Dir - straight line, f/p - jelly
Aim: a jelly (98%, 98% to-hit, almost dead (2/22), 70% (Melee), haloed)
You shoot a bolt. The bolt barely misses the jelly.
The jelly hits you but does no damage.
Aiming:
a - a +0 hand crossbow, Range: 1 (25%)
Press: ? - help, Shift-Dir - straight line, f/p - jelly
Aim: a jelly (98%, 98% to-hit, almost dead (2/22), 70% (Melee), haloed)
You shoot a bolt. The bolt stabs through the jelly (1).
It resists.
The jelly is almost dead. (1/22) HP The jelly hits you (3).
* * * LOW HITPOINT WARNING * * *
The acid corrodes you!
You are splashed with acid (10)!
* * * LOW HITPOINT WARNING * * *
The jelly hits you (2).
* * * LOW HITPOINT WARNING * * *
You are splashed with acid (10)!
You die...

######..≈≈≈≈.# #≈##
##...#≈..≈≈≈≈.# #≈.#
##..≈..≈#.≈≈≈..# ##.≈
##≈≈##P≈##.≈≈≈≈.# ##.
#....#####≈≈≈≈≈.# ##
##≈.≈.≈# #≈≈≈≈≈≈# ##
#####>≈# #≈≈≈≈≈≈# #.
##≈.##≈.# #≈≈≈≈≈≈#####≈
##.≈.≈#@≈###≈≈≈≈≈≈#..##.
...#.....J#≈.##≈≈≈≈≈≈...#≈.
..$.......≈..)#≈≈≈≈≈.#.....
≈≈..≈.≈.≈....≈#≈≈≈≈≈....#..
###########################


You could see a jelly.

Vanquished Creatures
  A crocodile (D:1)
  2 big kobolds (D:2)
  A jelly (D:2)
  4 giant cockroaches
  4 adders
  30 sewer rats
  7 cinder newts
  A worm (D:1)
  2 oozes
  2 dart slugs (D:1)
  2 leopard geckos (D:1)
  3 ball pythons
  6 goblins (D:1)
  2 hobgoblins (D:1)
  5 bats (D:1)
  12 kobolds
  5 rats (D:1)
89 creatures vanquished.

Vanquished Creatures (others)
  A leopard gecko (D:2)
  A bat skeleton (D:2)
  9 kobolds (D:2)
  4 slimeheads (D:2)
  73 withered plants (D:2)
88 creatures vanquished.

Grand Total: 177 creatures vanquished

Notes
Turn   | Place    | Note
-------+----------+-------------------------------------------
     0 | Start Te | pipel the Minotaur Priest began the quest for the Orb.
     0 | Start Te | Reached XP level 1. HP: 29/29 MP: 2/2
     0 | Start Te | Found a sparkling altar of Nemelex Xobeh.
     1 | Start Te | Found a basalt altar of Yredelemnul.
     1 | Start Te | Found a white marble altar of Elyvilon.
     2 | Start Te | Found an iron altar of Okawaru.
     3 | Start Te | Found a glowing silver altar of Zin.
     3 | Start Te | Found a blossoming altar of Fedhas.
     4 | Start Te | Found a stormy altar of Qazlal.
     5 | Start Te | Found a glowing golden altar of the Shining One.
     5 | Start Te | Found an opulent altar of Gozag.
     6 | Start Te | Found a sacrificial altar of Ru.
     7 | Start Te | Found an ornate altar of Bahamut and Tiamat.
     7 | Start Te | Found a hazy altar of Hepliaklqana.
    13 | Start Te | Became a worshipper of the Shining One
    13 | Start Te | Reached * piety under the Shining One
    13 | Start Te | Reached ** piety under the Shining One
   270 | D:1      | Reached XP level 2. HP: 29/39 MP: 4/4
   440 | D:1      | Reached XP level 3. HP: 49/49 MP: 5/5
   607 | D:1      | Reached skill level 1 in Fighting
   700 | D:1      | Reached XP level 4. HP: 56/59 MP: 6/6
  1326 | D:2      | Noticed a big kobold
  1330 | D:2      | Noticed a crocodile
  1331 | D:2      | Noticed a big kobold
  1335 | D:2      | Reached *** piety under the Shining One
  1443 | D:1      | Reached XP level 5. HP: 64/69 MP: 3/7
  1468 | D:1      | Reached skill level 1 in Armour
  1468 | D:1      | Reached skill level 5 in Invocations
  1525 | D:1      | Reached XP level 6. HP: 70/79 MP: 8/8
  1649 | D:1      | Reached skill level 1 in Shields
  2194 | D:2      | Reached skill level 5 in Dodging
  2194 | D:2      | Reached XP level 7. HP: 89/89 MP: 9/9
  2279 | D:2      | Reached skill level 1 in Crossbows
  2577 | D:2      | HP: 3/89 [acid (7)]
  2583 | D:2      | HP: 4/89 [acid (10)]
  2583 | D:2      | Splashed by a jelly's acid

Illustrated notes

Levels and vault maps discovered:
D:1:      lightli_arrival_statuegarden, layout_loops_corners,
          cheibrodos_sewer_entry_sluice
D:2:      layout_sewer, purgy_donut, first_ration, uniq_edmund

Skill      XL: |  1  2  3  4  5  6  7 |
---------------+----------------------+-----
Invocations    | 4 5 |  5.1
Fighting       | 1 3 4 |  4.2
Dodging        | 3 4 5 |  5.1
Armour         | 1 3 4 |  4.1
Shields        | 1 |  1.4
Crossbows      | 2 |  2.2
Stealth        | |  1.5
Unarmed Combat | |  3.3

Action                   |  1- 3 |  4- 6 |  7- 9 || total
-------------------------+-------+-------+-------++-------
Melee: Unarmed           |   135 |   544 |    28 ||   707
       Headbutt          |       |     5 |       ||     5
 Fire: Hand crossbow     |       |     3 |    94 ||    97
Invok: Divine Shield     |       |     3 |       ||     3
  Use: Potion            |       |       |     1 ||     1
  Eat: Chunk             |       |     5 |     2 ||     7
Armor: Robe              |     9 |     1 |       ||    10
       Ring mail         |       |    54 |    41 ||    95
Dodge: Dodged            |    12 |    68 |    32 ||   112
Block: Other             |       |    25 |       ||    25
